[ AOE2 MATCH · #507151017 ]
UnrankedChinese vs Saracens
Player's team · LOSS
Rival team · WIN
[ REPLAY ANALYSIS · EXTRACTED FROM THE RECORDED GAME ]
Feudal
10:30
Castle
16:36
Imperial
—
| APM avg | 38.0 |
| APM peak | 73 |
| eAPM avg | 18.2 |
| Villagers / military | 59 / 11 |
Focus
⚔️ 25.5% · 🌾 74.5%
Archer ×6 · Iron Pagoda ×2 · Battering Ram ×2 · Monk ×1
Feudal
8:53
Castle
19:39
Imperial
30:25
| APM avg | 51.7 |
| APM peak | 91 |
| eAPM avg | 26.7 |
| Villagers / military | 84 / 20 |
Focus
⚔️ 39.1% · 🌾 60.9%
Mameluke ×9 · Militia ×4 · Monk ×3 · Mangonel ×3 · Trebuchet (Packed) ×1
Match map
Initial resources + every placement click. Lines = walls · curves = elevation contours. ◆ gold · ⬟ stone · ● berries · ✦ relic · ◌ wall gap
Your base· ✓ Closed at 16:36 · 3t walls · 5 gate(s)
HR pikoLein's base· ✓ Closed at 19:39 · 3t walls · 3 gate(s)
Smoothed initial terrain · ◌ = detected wall gap · hover for details
Inputs per minute
— Maquiavelo - - HR pikoLein
Build order — Maquiavelo
First 150 of 168 actions detected
| 0:00 | Research | Loom |
| 0:37 | Create | Villager (Male) |
| 1:10 | Create | Villager (Male) |
| 1:10 | Create | Villager (Male) |
| 1:36 | Create | Villager (Male) |
| 1:43 | Build | Lumber Camp |
| 1:49 | Build | Lumber Camp |
| 2:03 | Create | Villager (Male) |
| 2:30 | Create | Villager (Male) |
| 2:35 | Create | Villager (Male) |
| 3:08 | Build | House |
| 3:10 | Build | House |
| 3:11 | Build | House |
| 3:19 | Create | Villager (Male) |
| 3:20 | Create | Villager (Male) |
| 3:53 | Create | Villager (Male) |
| 4:19 | Build | Mill |
| 4:27 | Create | Villager (Male) |
| 4:29 | Create | Villager (Male) |
| 5:08 | Create | Villager (Male) |
| 5:49 | Create | Villager (Male) |
| 6:00 | Create | Villager (Male) |
| 6:01 | Create | Villager (Male) |
| 6:01 | Create | Villager (Male) |
| 7:02 | Create | Villager (Male) |
| 7:02 | Create | Villager (Male) |
| 7:17 | Research | Feudal Age |
| 8:05 | Build | Mining Camp |
| 8:31 | Build | House |
| 8:44 | Build | Farm |
| 9:21 | Build | House |
| 9:24 | Build | House |
| 9:25 | Build | House |
| 9:42 | Build | House |
| 9:53 | Build | House |
| 9:55 | Create | Villager (Male) |
| 10:30 | Age | Feudal Age |
| 10:32 | Build | Market |
| 10:44 | Build | Blacksmith |
| 10:49 | Build | Farm |
| 10:50 | Build | Farm |
| 10:55 | Create | Villager (Male) |
| 11:00 | Build | Mining Camp |
| 11:01 | Create | Villager (Male) |
| 11:10 | Build | House |
| 11:20 | Build | Palisade Wall |
| 11:29 | Build | Palisade Gate |
| 11:35 | Create | Villager (Male) |
| 11:42 | Build | Farm |
| 11:44 | Build | Palisade Wall |
| 11:58 | Build | Farm |
| 12:00 | Build | Farm |
| 12:05 | Build | House |
| 12:11 | Build | House |
| 12:22 | Create | Villager (Male) |
| 12:26 | Build | Farm |
| 12:44 | Build | Farm |
| 12:49 | Create | Villager (Male) |
| 13:02 | Build | Mining Camp |
| 13:10 | Build | House |
| 13:43 | Build | House |
| 13:50 | Build | House |
| 13:53 | Build | Palisade Wall |
| 13:57 | Research | Castle Age |
| 14:06 | Create | Villager (Male) |
| 14:25 | Build | House |
| 14:57 | Build | Farm |
| 15:28 | Build | Watch Tower |
| 15:30 | Build | House |
| 15:33 | Build | House |
| 15:40 | Build | Palisade Gate |
| 16:09 | Research | Double-Bit Axe |
| 16:36 | Age | Castle Age |
| 16:39 | Build | Siege Workshop |
| 16:40 | Create | Villager (Male) |
| 17:13 | Create | Iron Pagoda |
| 17:46 | Build | Blacksmith |
| 17:52 | Build | Palisade Wall |
| 18:29 | Create | Villager (Male) |
| 18:32 | Create | Villager (Male) |
| 18:43 | Create | Villager (Male) |
| 19:01 | Create | Iron Pagoda |
| 19:05 | Create | Villager (Male) |
| 19:27 | Build | Mill |
| 19:30 | Build | Barracks |
| 19:47 | Build | Castle |
| 19:56 | Create | Villager (Male) |
| 20:39 | Create | Villager (Male) |
| 21:07 | Build | Town Center |
| 21:39 | Create | Villager (Male) |
| 21:59 | Build | Farm |
| 22:00 | Build | Farm |
| 22:05 | Create | Villager (Male) |
| 22:24 | Create | Villager (Male) |
| 22:39 | Create | Villager (Male) |
| 22:45 | Build | Farm |
| 22:46 | Build | Farm |
| 23:02 | Create | Villager (Male) |
| 23:15 | Create | Villager (Male) |
| 23:30 | Build | Monastery |
| 23:33 | Build | Palisade Wall |
| 23:35 | Build | House |
| 23:37 | Build | House |
| 23:40 | Build | Palisade Wall |
| 23:45 | Create | Villager (Male) |
| 24:02 | Create | Villager (Male) |
| 24:05 | Create | Villager (Male) |
| 24:07 | Create | Monk |
| 24:15 | Create | Battering Ram |
| 24:18 | Create | Villager (Male) |
| 24:30 | Build | Farm |
| 24:37 | Create | Villager (Male) |
| 24:40 | Build | Farm |
| 24:40 | Build | Farm |
| 24:41 | Build | Farm |
| 24:45 | Build | Farm |
| 25:02 | Create | Battering Ram |
| 25:15 | Build | Farm |
| 25:16 | Create | Villager (Male) |
| 25:33 | Create | Villager (Male) |
| 25:47 | Create | Villager (Male) |
| 25:50 | Build | Archery Range |
| 25:51 | Build | Archery Range |
| 25:53 | Research | Horse Collar |
| 26:00 | Build | House |
| 26:08 | Build | House |
| 26:12 | Create | Villager (Male) |
| 26:19 | Create | Villager (Male) |
| 26:33 | Build | University |
| 26:50 | Build | Mill |
| 26:54 | Build | Farm |
| 26:59 | Create | Villager (Male) |
| 27:08 | Create | Villager (Male) |
| 27:12 | Build | Farm |
| 27:13 | Build | Farm |
| 27:14 | Build | Farm |
| 27:18 | Build | Farm |
| 27:19 | Build | Farm |
| 27:26 | Build | Farm |
| 27:26 | Build | Farm |
| 27:35 | Create | Villager (Male) |
| 27:42 | Create | Archer |
| 27:42 | Create | Archer |
| 27:48 | Build | Lumber Camp |
| 27:50 | Research | Fletching |
| 27:51 | Create | Villager (Male) |
| 27:56 | Build | Mining Camp |
| 28:01 | Create | Villager (Male) |
| 28:08 | Create | Villager (Male) |
| 28:15 | Build | Market |
Build order — HR pikoLein
First 150 of 179 actions detected
| 0:00 | Create | Villager (Male) |
| 0:01 | Create | Villager (Male) |
| 0:01 | Create | Villager (Male) |
| 0:02 | Build | House |
| 0:03 | Build | House |
| 0:08 | Create | Villager (Male) |
| 1:25 | Create | Villager (Male) |
| 1:25 | Create | Villager (Male) |
| 1:45 | Create | Villager (Male) |
| 1:48 | Build | Lumber Camp |
| 2:07 | Create | Villager (Male) |
| 2:41 | Create | Villager (Male) |
| 2:41 | Create | Villager (Male) |
| 3:01 | Build | House |
| 3:14 | Create | Villager (Male) |
| 3:14 | Create | Villager (Male) |
| 3:26 | Create | Villager (Male) |
| 3:27 | Create | Villager (Male) |
| 3:54 | Create | Villager (Male) |
| 4:17 | Create | Villager (Male) |
| 4:42 | Create | Villager (Male) |
| 5:05 | Create | Villager (Male) |
| 5:14 | Build | Barracks |
| 5:33 | Create | Villager (Male) |
| 5:45 | Build | House |
| 6:04 | Create | Villager (Male) |
| 6:08 | Research | Loom |
| 6:43 | Research | Feudal Age |
| 6:43 | Research | Feudal Age |
| 6:59 | Create | Militia |
| 6:59 | Create | Militia |
| 7:21 | Create | Militia |
| 7:34 | Build | Mining Camp |
| 7:37 | Create | Militia |
| 8:07 | Build | House |
| 8:23 | Create | Villager (Male) |
| 8:28 | Build | House |
| 8:53 | Age | Feudal Age |
| 8:54 | Research | Man-at-Arms (upgrade) |
| 8:54 | Research | Man-at-Arms (upgrade) |
| 9:00 | Research | Loom |
| 9:17 | Create | Villager (Male) |
| 9:21 | Build | Watch Tower |
| 9:26 | Build | Mill |
| 9:54 | Create | Villager (Male) |
| 10:05 | Research | Double-Bit Axe |
| 10:35 | Create | Villager (Male) |
| 10:41 | Build | Farm |
| 10:51 | Build | Farm |
| 11:00 | Create | Villager (Male) |
| 11:00 | Create | Villager (Male) |
| 11:18 | Build | Watch Tower |
| 11:26 | Create | Villager (Male) |
| 11:31 | Build | Farm |
| 11:43 | Create | Villager (Male) |
| 11:57 | Build | Farm |
| 11:58 | Build | Farm |
| 12:07 | Build | Stone Wall |
| 12:08 | Build | Stone Wall |
| 12:08 | Build | Stone Wall |
| 12:12 | Create | Villager (Male) |
| 12:18 | Build | Farm |
| 12:52 | Create | Villager (Male) |
| 12:53 | Create | Villager (Male) |
| 12:55 | Build | Farm |
| 13:02 | Create | Villager (Male) |
| 13:10 | Build | House |
| 13:35 | Create | Villager (Male) |
| 13:45 | Build | Market |
| 13:51 | Create | Villager (Male) |
| 14:00 | Build | House |
| 14:12 | Build | Mining Camp |
| 14:13 | Create | Villager (Male) |
| 14:30 | Build | Watch Tower |
| 14:43 | Create | Villager (Male) |
| 14:50 | Build | House |
| 15:07 | Create | Villager (Male) |
| 15:27 | Create | Villager (Male) |
| 15:50 | Build | Outpost |
| 16:00 | Create | Villager (Male) |
| 16:14 | Create | Villager (Male) |
| 16:15 | Build | Farm |
| 16:35 | Build | Blacksmith |
| 16:59 | Research | Castle Age |
| 16:59 | Research | Castle Age |
| 16:59 | Research | Castle Age |
| 17:03 | Research | Fletching |
| 17:03 | Research | Fletching |
| 17:40 | Research | Horse Collar |
| 18:04 | Create | Villager (Male) |
| 18:59 | Build | House |
| 19:00 | Build | House |
| 19:39 | Age | Castle Age |
| 19:43 | Build | Siege Workshop |
| 19:47 | Research | Bodkin Arrow |
| 19:51 | Create | Villager (Male) |
| 19:59 | Create | Villager (Male) |
| 20:08 | Create | Mangonel |
| 20:50 | Create | Villager (Male) |
| 21:00 | Build | Farm |
| 21:32 | Create | Villager (Male) |
| 21:33 | Build | Farm |
| 21:40 | Build | Town Center |
| 21:53 | Create | Villager (Male) |
| 22:03 | Create | Villager (Male) |
| 22:31 | Create | Villager (Male) |
| 22:31 | Create | Villager (Male) |
| 22:55 | Build | Monastery |
| 23:15 | Create | Villager (Male) |
| 23:15 | Create | Villager (Male) |
| 23:23 | Build | Castle |
| 23:26 | Create | Mangonel |
| 23:31 | Create | Villager (Male) |
| 23:32 | Create | Villager (Male) |
| 23:41 | Build | Farm |
| 23:45 | Create | Monk |
| 23:50 | Create | Villager (Male) |
| 24:14 | Create | Villager (Male) |
| 24:33 | Create | Villager (Male) |
| 24:35 | Build | Farm |
| 24:36 | Build | Farm |
| 24:40 | Create | Monk |
| 24:41 | Create | Mameluke |
| 24:48 | Create | Mameluke |
| 25:08 | Create | Mameluke |
| 25:13 | Build | Farm |
| 25:22 | Create | Mameluke |
| 25:24 | Create | Villager (Male) |
| 25:24 | Create | Villager (Male) |
| 25:24 | Create | Villager (Male) |
| 25:25 | Build | Farm |
| 25:27 | Build | Farm |
| 25:29 | Build | Farm |
| 25:30 | Create | Villager (Male) |
| 25:33 | Build | Lumber Camp |
| 25:52 | Create | Villager (Male) |
| 25:52 | Create | Villager (Male) |
| 26:10 | Create | Villager (Male) |
| 26:10 | Create | Villager (Male) |
| 26:10 | Create | Villager (Male) |
| 26:29 | Create | Villager (Male) |
| 26:29 | Create | Villager (Male) |
| 26:29 | Create | Villager (Male) |
| 26:42 | Create | Villager (Male) |
| 26:42 | Create | Villager (Male) |
| 27:15 | Research | Imperial Age |
| 27:16 | Research | Imperial Age |
| 27:21 | Build | Lumber Camp |
| 27:25 | Build | Lumber Camp |
| 27:26 | Build | Farm |
Match timeline
| 5:14 | HR pikoLein · first_building Barracks |
| 8:53 | HR pikoLein · age_up feudal |
| 10:30 | Maquiavelo · age_up feudal |
| 11:20 | Maquiavelo · wall_segment Palisade Wall x1 |
| 11:44 | Maquiavelo · wall_segment Palisade Wall x1 |
| 12:07 | HR pikoLein · wall_segment Stone Wall x1 |
| 12:08 | HR pikoLein · wall_segment Stone Wall x1 |
| 12:08 | HR pikoLein · wall_segment Stone Wall x1 |
| 12:37 | Maquiavelo · first_market_sell 100 stone |
| 13:20 | Maquiavelo · first_market_buy 100 food |
| 13:53 | Maquiavelo · wall_segment Palisade Wall x1 |
| 15:00 | HR pikoLein · first_market_sell 100 stone |
| 15:05 | HR pikoLein · first_market_buy 100 food |
| 16:36 | Maquiavelo · age_up castle |
| 16:39 | Maquiavelo · first_building Siege Workshop |
| 17:52 | Maquiavelo · wall_segment Palisade Wall x1 |
| 19:30 | Maquiavelo · first_building Barracks |
| 19:39 | HR pikoLein · age_up castle |
| 19:43 | HR pikoLein · first_building Siege Workshop |
| 19:47 | Maquiavelo · first_building Castle |
| 22:55 | HR pikoLein · first_building Monastery |
| 23:23 | HR pikoLein · first_building Castle |
| 23:30 | Maquiavelo · first_building Monastery |
| 23:33 | Maquiavelo · wall_segment Palisade Wall x1 |
| 23:40 | Maquiavelo · wall_segment Palisade Wall x1 |
| 25:50 | Maquiavelo · first_building Archery Range |
| 30:25 | HR pikoLein · age_up imperial |
| 30:43 | Maquiavelo · resign |
[ AI ANALYSIS · 1 CREDIT ]
What really happened in this match?
Wolo.gg analyzes every decision: build order, eco, micro, common mistakes by bracket. Personalized analysis on WhatsApp or Discord in 30 seconds.
Civ guide
Chinese
Perfil
Jugador #546475